 Dungeon Crawl Stone Soup version 0.21.1-1-g345015f (webtiles) character file.

2568 Fang the Cleaver (level 9, 0/56 HPs)
             Began as a Gargoyle Berserker on May 27, 2018.
             Was a High Priest of Trog.
             Slain by a leopard gecko (2 damage)
             ... while paralysed
             ... on level 6 of the Dungeon.
             The game lasted 00:09:02 (7297 turns).

Fang the Cleaver (Gargoyle Berserker)               Turns: 7297, Time: 00:09:03

Health: 0/56       AC: 13    Str: 24    XL:     9   Next: 57%
Magic:  18/18      EV:  2    Int:  8    God:    Trog [*****.]
Gold:   363        SH:  0    Dex:  9    Spells: 8/8 levels left

rFire    + + .     SeeInvis .   a - +0 hand axe
rCold    . . .     Gourm    .   (no shield)
rNeg     + . .     Faith    .   d - +2 robe {rF+}
rPois    ∞         Spirit   .   (no helmet)
rElec    +         Reflect  .   (no cloak)
rCorr    .         Harm     .   t - +2 pair of gloves
MR       .....                  (no boots)
Stlth    ++........             (no amulet)
HPRegen  0.18/turn              j - ring of magical power
MPRegen  0.16/turn              s - ring of protection from fire

@: paralysed, berserk cooldown, starving, slowed
A: negative energy resistance 1, electricity resistance, unbreathing,
petrification resistance, rot immunity, AC +6
a: Berserk, Trog's Hand, Brothers in Arms, Burn Spellbooks, Renounce Religion


You were on level 6 of the Dungeon.
You worshipped Trog.
Trog was extremely pleased with you.
You were starving.

You visited 2 branches of the dungeon, and saw 7 of its levels.
You also visited: Sewer.

You collected 363 gold pieces.

Inventory:

Hand Weapons
 a - a +0 hand axe (weapon)
Armour
 d - a +2 robe of fire resistance (worn)
 t - a +2 pair of gloves (worn)
Jewellery
 j - a ring of magical power (left hand)
 n - an uncursed ring of positive energy
 s - a ring of protection from fire (right hand)
Wands
 o - a wand of iceblast (14)
 x - a wand of flame (16)
Scrolls
 i - a scroll of remove curse
 l - a scroll of blinking
 m - a scroll of teleportation
Potions
 b - 2 potions of magic {unknown}
 e - a potion of curing
 g - a potion of ambrosia {unknown}
 k - 2 potions of heal wounds {unknown}
 p - a potion of brilliance
 u - a potion of invisibility
 w - a potion of berserk rage
Comestibles
 c - 9 rations


   Skills:
 + Level 6.5 Fighting
 + Level 8.7 Axes
 + Level 2.2 Armour
 + Level 5.9 Dodging
 + Level 3.0 Stealth


You had 8 spell levels left.
You didn't know any spells.

Dungeon Overview and Level Annotations

Branches:
Dungeon (6/15)             Temple (1/1) D:4

Altars:
Ashenzari
Dithmenos
Elyvilon
Fedhas
Gozag
Makhleb
Nemelex Xobeh
Okawaru
Qazlal
Ru
Sif Muna
Trog
Uskayaw
Vehumet
Yredelemnul
The Shining One

Shops:
D:5 (


Innate Abilities, Weirdness & Mutations

You are resistant to torment.
Your stone body is resilient. (AC +6)
You are immune to poison.
You resist negative energy. (rN+)
You are resistant to electric shocks. (rElec)
You can survive without breathing.
You are immune to petrification.
You are immune to rotting.


Message History

Unknown command.
You shred the net and break free! You hit the ogre.
The ogre is lightly wounded.
You hit the leopard gecko. The ogre misses you.
Unknown command.
You slash the ogre!
The ogre is heavily wounded.
You miss the leopard gecko. The leopard gecko closely misses you.
Unknown command.
You barely miss the ogre.
The ogre is heavily wounded.
You miss the leopard gecko.
You are no longer berserk.
You pass out from exhaustion.
You feel yourself slow down. The ogre hits you with a giant club!!
* * * LOW HITPOINT WARNING * * *
The leopard gecko bites you but does no damage.
The leopard gecko bites you.
You die...

. . ##. ..
##.. ...
###..#####....
#.............
#.....O)......
#....(@lg.....
#...(.....####
#.........#
#((########
###(## #...#
#.#.# #...#
#..##


You could see an ogre, a gnoll and a leopard gecko.

Vanquished Creatures
  Pikel (D:5)
  Sigmund (D:5)
  Eustachio (D:5)
  Edmund (D:4)
  4 slaves (D:5)
  An orc warrior (D:5)
  The ghost of flatPretzel the Poker, an amateur MfGl (D:4)
  An ogre (D:5)
  2 centaurs (D:6)
  3 bullfrogs
  A gnoll sergeant (D:5)
  2 scorpions (D:5)
  A crimson imp (D:5)
  A quasit (D:5)
  A hound (D:4)
  2 orc wizards
  2 gnoll shamans
  Crazy Yiuf (D:2)
  Ijyb (D:3)
  5 worker ants
  14 gnolls
  A howler monkey skeleton (D:4)
  13 adders
  A shadow imp (D:6)
  11 oozes (Sewer)
  7 worms
  A dart slug (D:3)
  18 leopard geckos
  11 orcs
  10 bats
  19 giant cockroaches
  5 goblins
  6 hobgoblins
  9 jackals
  2 quokkas
  11 ball pythons
  16 frilled lizards
  5 kobolds
  A quokka skeleton (D:4)
  8 rats
202 creatures vanquished.

Vanquished Creatures (others)
  An orc wizard (D:4)
  An adder zombie (D:6)
2 creatures vanquished.

Grand Total: 204 creatures vanquished

Notes
Turn   | Place    | Note
-------+----------+-------------------------------------------
     0 | D:1      | Fang the Gargoyle Berserker began the quest for the Orb.
     0 | D:1      | Reached XP level 1. HP: 14/14 MP: 1/1
   133 | D:1      | Reached skill level 3 in Axes
   133 | D:1      | Reached XP level 2. HP: 19/19 MP: 2/2
   489 | D:2      | Reached ** piety under Trog
   504 | D:2      | Reached XP level 3. HP: 21/24 MP: 3/3
  1074 | D:2      | Found a runed door.
  1102 | D:2      | Reached XP level 4. HP: 29/29 MP: 4/4
  1168 | D:2      | Noticed Crazy Yiuf
  1173 | D:2      | Killed Crazy Yiuf
  1173 | D:2      | Reached skill level 4 in Axes
  1287 | D:3      | Noticed Ijyb
  1290 | D:3      | Paralysed by Ijyb for 7 turns
  1311 | D:3      | Killed Ijyb
  1311 | D:3      | Reached XP level 5. HP: 33/33 MP: 5/5
  2206 | D:3      | Reached skill level 5 in Axes
  2206 | D:3      | Reached XP level 6. HP: 27/38 MP: 6/6
  2873 | D:4      | Noticed flatPretzel's ghost (amateur MfGl)
  2873 | D:4      | Found an iron altar of Okawaru.
  2883 | D:4      | Killed flatPretzel's ghost
  2883 | D:4      | Reached skill level 1 in Stealth
  2887 | D:4      | Reached *** piety under Trog
  3082 | D:4      | Found a shadowy altar of Dithmenos.
  3313 | D:4      | Noticed Edmund
  3342 | D:4      | Killed Edmund
  3342 | D:4      | Reached XP level 7. HP: 12/44 MP: 7/7
  3611 | D:4      | Found a staircase to the Ecumenical Temple.
  4042 | D:4      | Reached skill level 6 in Axes
  4366 | Temple   | Entered the Ecumenical Temple
  4444 | D:5      | Entered Level 5 of the Dungeon
  4446 | D:5      | Noticed Pikel
  4478 | D:5      | Killed Pikel
  4478 | D:5      | Reached skill level 5 in Fighting
  4478 | D:5      | Reached XP level 8. HP: 49/49 MP: 8/8
  4646 | D:5      | Found Niommoj's Weapon Boutique.
  4740 | D:5      | Found a glowing drain.
  4764 | Sewer    | Entered a sewer
  4774 | Sewer    | Reached skill level 7 in Axes
  4919 | Sewer    | Reached **** piety under Trog
  5487 | D:5      | Noticed Eustachio
  5501 | D:5      | Killed Eustachio
  5505 | D:5      | Reached skill level 5 in Dodging
  5655 | D:5      | Noticed Sigmund
  5671 | D:5      | Killed Sigmund
  5671 | D:5      | Reached skill level 8 in Axes
  5671 | D:5      | Reached XP level 9. HP: 55/55 MP: 9/9
  5951 | D:5      | Reached ***** piety under Trog
  7208 | D:6      | Found an opulent altar of Gozag.
  7296 | D:6      | HP: 1/56 [ogre/giant club (19)]
  7297 | D:6      | Slain by a leopard gecko

Skill      XL: |  1  2  3  4  5  6  7  8  9 |
---------------+----------------------------+-----
Axes           | 3 4 5 6 8 |  8.7
Dodging        | 2 3 4 5 |  5.9
Fighting       | 4 5 6 |  6.5
Stealth        | 1 2 3 |  3.0
Armour         | |  2.2

Action                   |  1- 3 |  4- 6 |  7- 9 || total
-------------------------+-------+-------+-------++-------
Melee: Hand axe          |    99 |   209 |   541 ||   849
Invok: Berserk           |     2 |     6 |     9 ||    17
  Use: Scroll            |       |       |    11 ||    11
 Stab: Sleeping          |       |       |     2 ||     2
  Eat: Chunk             |     3 |    11 |    14 ||    28
       Ration            |       |       |     2 ||     2
Armor: Animal skin       |    28 |    73 |   233 ||   334
       Robe              |       |       |    58 ||    58
Dodge: Dodged            |    81 |   134 |   516 ||   731
